 Dungeon Crawl Stone Soup version 0.31.0-32-g396128a36d (webtiles) character file.

Game seed: 14109727470107232070

812 PaiMei the Grave Robber (level 7, -2/52 HPs)
             Began as a Demonspawn Necromancer on Mar 25, 2024.
             Slain by a mummy (13 damage)
             ... in an ossuary.
             The game lasted 00:10:27 (5862 turns).

PaiMei the Grave Robber (Demonspawn Necromancer)    Turns: 5862, Time: 00:10:28

Health: -2/52      AC: 11    Str:  9    XL:     7   Next: 61%
Magic:  13/13      EV: 15    Int: 17    God:
Gold:   50         SH:  0    Dex: 13    Spells: 10/14 levels left

rFire   . . .        u - +0 flail (protect)
rCold   . . .        (no shield)
rNeg    . . .        a - +0 robe
rPois   .            (helmet restricted)
rElec   .            (no cloak)
rCorr   .            l - +1 pair of gloves
SInv    .            (no boots)
Will    .....        (no amulet)
Stlth   ++           (no ring)
HPRegen 0.28/turn    (no ring)
MPRegen 0.13/turn

%: no passive effects
@: mighty, under a protective aura
A: horns 1, repulsion field 1, powered by pain 2
a: no special abilities


You were in an ossuary.
You visited 1 branch of the dungeon, and saw 5 of its levels.
You also visited: Ossuary.

You collected 176 gold pieces.
You spent 126 gold pieces at shops.

Inventory:

Hand Weapons
 u - a +0 flail of protection (weapon)
Missiles
 v - 4 curare-tipped darts (quivered)
Armour
 a - a +0 robe (worn)
 k - an orb of mayhem
 l - a +1 pair of gloves (worn)
Wands
 o - a wand of charming (10)
Scrolls
 e - a scroll of blinking
 f - 4 scrolls of immolation
 g - 3 scrolls of vulnerability {unknown}
 i - 2 scrolls of identify {unknown}
 j - a scroll of silence {unknown}
 m - a scroll of torment {unknown}
 n - a scroll of poison {unknown}
 p - 2 scrolls of enchant weapon {unknown}
 s - 3 scrolls of fear {unknown}
 t - 2 scrolls of teleportation
 w - a scroll of enchant armour {unknown}
 x - a scroll of revelation {unknown}
Potions
 b - a potion of magic
 c - a potion of mutation {unknown}
 d - 3 potions of curing {unknown}
 h - a potion of attraction {unknown}
 q - a potion of ambrosia {unknown}
 r - a potion of cancellation {unknown}


   Skills:
 + Level 3.5 Fighting
 + Level 4.2 Dodging
 - Level 2.5 Stealth
 + Level 4.2 Spellcasting
 + Level 6.4 Necromancy


You had 10 spell levels left.
You knew the following spells:

 Your Spells              Type           Power      Damage    Failure   Level
a - Necrotise             Necr           100%       1d9       1%          1
b - Vampiric Draining     Necr           25%        2d7       3%          3

Your spell library contained the following spells:

 Spells                   Type           Power      Damage    Failure   Level
 Sublimation of Blood     Necr           25%        N/A       1%          2
 Animate Dead             Necr           25%        N/A       11%         4
 Slow                     Hex            12%        N/A       16%         1
 Call Imp                 Summ           6%         N/A       24%         2
 Curse of Agony           Necr           25%        N/A       30%         5
 Confusing Touch          Hex            3%         N/A       43%         3
 Sigil of Binding         Hex            3%         N/A       43%         3
 Summon Hydra             Summ           1%         N/A       100%        7


Dungeon Overview and Level Annotations

Branches:
Dungeon (5/15)            Ossuary (1/1)
 Temple: D:4-7

Altars:
Qazlal

Shops:
D:4 ?

Annotations:
D:2 Sigmund
D:4 1 runed translucent door, BurgerDrawz's ghost, amateur HOFi
D:5 Ijyb


Innate Abilities, Weirdness & Mutations

You have a pair of small horns on your head.
You are surrounded by a mild repulsion field. (EV +2)
You sometimes gain power by taking damage.


Message History

You destroy the kobold zombie!
You sock the human zombie!
Your weapon exudes an aura of protection.
The human zombie is lightly damaged.
The human zombie completely misses you.
You hit the human zombie. Your headbutt misses the human zombie.
The human zombie is moderately damaged.
The human zombie hits you.
You closely miss the human zombie. You headbutt the human zombie.
The human zombie is moderately damaged.
The human zombie misses you.
You sock the human zombie! Your headbutt misses the human zombie.
The human zombie is heavily damaged.
The human zombie hits you but does no damage.
You thump the human zombie! You headbutt the human zombie.
The human zombie is almost destroyed.
The human zombie hits you but does no damage.
The mummy misses you.
You thump the human zombie!
You destroy the human zombie!
You sock the mummy! Your headbutt misses the mummy.
The mummy is heavily damaged.
The mummy closely misses you.
You thump the mummy!
You destroy the mummy!
You hit the mummy. Your headbutt misses the mummy.
The mummy is heavily damaged.
The crocodile zombie completely misses you.
The mummy hits you!
* * * LOW HITPOINT WARNING * * *
Okay, then.
You hit the mummy but do no damage.
The mummy is heavily damaged.
The crocodile zombie bites you but does no damage.
The mummy barely misses you.
The crocodile zombie closely misses you.
You sock the mummy!
The mummy is almost destroyed.
The mummy hits you!
You die...

''####### #######''###
#..## ##..##.# ##..##
##^.##..# ##..#
#..##...# Z.#+.##
##.'#....# Z.Z+..#
#..'.....#
..Z##.#...8...#.##.....#
.Z.+..#.......#..'.....#
..#+.##.......##@'#....#
Z##..##.......##ZM##...#
##..###.......###..##..#
#..## ..... ##..##.#
''########'########''''#
...+............MZ.....#
...+....8...8..Z.Z.....#
###+...........M.'######
+#...........#'...


You could see a mummy and a crocodile zombie.

Vanquished Creatures
  A sky beast (D:4)
  A black bear (D:4)
  An ogre (D:5)
  2 elf zombies (Ossuary)
  A spectral bullfrog (Ossuary)
  2 human zombies (Ossuary)
  An orc wizard (D:3)
  A crocodile zombie (Ossuary)
  2 spectral hounds (Ossuary)
  2 mummies (Ossuary)
  2 gnolls (D:4)
  4 adders
  4 hound simulacra (Ossuary)
  A ribbon worm (D:4)
  4 dart slugs
  An adder simulacrum (Ossuary)
  13 orcs
  10 bats
  7 endoplasms
  5 giant cockroaches
  5 gnoll zombies (Ossuary)
  11 goblins
  8 hobgoblins
  5 kobolds
  2 quokkas (D:2)
  3 ball pythons
  A frilled lizard (D:2)
  2 gnoll simulacra (Ossuary)
  2 jackal simulacra (Ossuary)
  6 kobold zombies (Ossuary)
  5 orc zombies (Ossuary)
  3 rats
  A spectral jackal (Ossuary)
119 creatures vanquished.

Vanquished Creatures (collateral kills)
  2 kobolds
  2 rats (D:1)
4 creatures vanquished.

Grand Total: 123 creatures vanquished

Notes
Turn   | Place    | Note
-------+----------+-------------------------------------------
     0 | D:1      | PaiMei the Demonspawn Necromancer began the quest for the
                  | Orb.
     0 | D:1      | Reached XP level 1. HP: 13/13 MP: 3/3
   246 | D:1      | Gained mutation: You sometimes gain a little power by
                  | taking damage. [demonic ancestry]
   246 | D:1      | Reached XP level 2. HP: 19/19 MP: 1/5
   759 | D:1      | Reached XP level 3. HP: 23/24 MP: 1/6
  2179 | D:2      | Gained mutation: You are surrounded by a mild repulsion
                  | field. (EV +2) [demonic ancestry]
  2179 | D:2      | Reached XP level 4. HP: 30/30 MP: 4/7
  2309 | D:2      | Learned a level 3 spell: Vampiric Draining
  2373 | D:2      | Noticed Sigmund
  2487 | D:3      | Reached skill level 5 in Necromancy
  2578 | D:3      | Reached skill level 1 in Fighting
  2755 | D:3      | Gained mutation: You have a pair of small horns on your
                  | head. [demonic ancestry]
  2755 | D:3      | Reached XP level 5. HP: 37/37 MP: 4/9
  2972 | D:3      | Found a faded altar of an unknown god.
  3322 | D:4      | Found a stormy altar of Qazlal.
  3331 | D:4      | Found Bageroxt's Magic Scroll Emporium.
  3369 | D:4      | Bought a scroll of teleportation for 36 gold pieces
  3369 | D:4      | Bought a scroll of blinking for 90 gold pieces
  3504 | D:4      | Noticed a black bear
  3522 | D:4      | Killed a black bear
  3523 | D:4      | Gained mutation: You sometimes gain power by taking damage.
                  | [demonic ancestry]
  3523 | D:4      | Reached XP level 6. HP: 36/44 MP: 0/10
  3795 | D:4      | Found a runed translucent door.
  3795 | D:4      | Noticed BurgerDrawz's ghost (amateur HOFi)
  3872 | D:4      | Noticed a sky beast
  3978 | D:4      | Killed a sky beast
  4228 | D:5      | Entered Level 5 of the Dungeon
  4453 | D:5      | Found a sand-covered staircase.
  4457 | D:5      | Noticed Ijyb
  4462 | Ossuary  | Entered an ossuary
  4919 | Ossuary  | Reached skill level 6 in Necromancy
  4919 | Ossuary  | Reached XP level 7. HP: 32/50 MP: 12/12
  5862 | Ossuary  | Slain by a mummy

Illustrated notes

Levels and vault maps discovered:
D:1:      dpeg_arrival_boxes_within_box, layout_basic, st_stairs_6
D:2:      layout_loops_corners, chequers_arboretum, uniq_sigmund
D:3:      layout_loops_ring, hellmonk_ecumenical_altar_blasted,
          serial_bayou_pond_b, hangedman_abyss_or_decor_stabs
D:4:      layout_basic, grunt_qazlal_sundering, gammafunk_ghost_grave,
          serial_shops, nicolae_square_shop, reono_crystal_passage
D:5:      layout_loops_ring, nicolae_ossuary_entry_ruins, uniq_ijyb
Ossuary:  ossuary_zaba_two_paths

Skill      XL: |  1  2  3  4  5  6  7 |
---------------+----------------------+-----
Stealth        | 2 |  2.5
Dodging        | 2 3 4 |  4.2
Necromancy     | 5 6 |  6.4
Fighting       | 1 2 3 |  3.5
Spellcasting   | 3 4 |  4.2

Action                     |  1- 3 |  4- 6 |  7- 9 || total
---------------------------+-------+-------+-------++-------
  Melee: Unarmed           |     4 |       |       ||     4
         Dagger            |     1 |       |       ||     1
         Mace              |     4 |    13 |       ||    17
         Punch             |       |     1 |     2 ||     3
         Flail             |       |    77 |   135 ||   212
         Headbutt          |       |    14 |    22 ||    36
   Cast: Necrotise         |    82 |    79 |       ||   161
         Vampiric Draining |       |     7 |       ||     7
   Stab: Sleeping          |       |     2 |     1 ||     3
 Armour: Robe              |    22 |    61 |   105 ||   188
  Dodge: Dodged            |    28 |   106 |   100 ||   234
